 Dungeon Crawl Stone Soup version 0.28.0-53-g5a82cb258f (webtiles) character file.

Game seed: 15357424826149048915

3310 Descartes the Basher (level 9, -10/87 HPs)
             Began as a Troll Chaos Knight on July 31, 2022.
             Was a Plaything of Xom.
             Blown up by Joseph (22 damage)
             ... with a mindburst bolt
             ... on level 7 of the Dungeon.
             The game lasted 00:15:11 (4845 turns).

Descartes the Basher (Troll Chaos Knight)           Turns: 4845, Time: 00:15:13

Health: -10/87     AC:  7    Str: 24      XL:     9   Next: 70%
Magic:  9/9        EV: 10    Int:  9 (10) God:    Xom [...*..]
Gold:   243        SH:  0    Dex: 13      Spells: 10/10 levels left

rFire   . . .      SeeInvis .   a - +0 mace (chaos)
rCold   . . .      Faith    +   (no shield)
rNeg    . . .      Spirit   .   b - +2 robe
rPois   .          Reflect  .   (helmet restricted)
rElec   .          Harm     .   c - +0 cloak
rCorr   .          Rampage  .   (gloves unavailable)
Will    .....                   (boots unavailable)
Stlth   +.........              k - amulet of faith
HPRegen 1.04/turn               r - +4 ring of slaying
MPRegen 0.11/turn               (no ring)

@: brilliant
A: large, unfitting armour, claws 3, regeneration 1, shaggy fur 1, tough skin 1,
talons 1, clever 1, deterioration 1, frail 1, strong 1
a: Renounce Religion


You were on level 7 of the Dungeon.
You worshipped Xom.
You were a favourite toy of Xom.
You visited 2 branches of the dungeon, and saw 8 of its levels.

You collected 243 gold pieces.

Inventory:

Hand Weapons
 a - a +0 mace of chaos (weapon)
 j - a +0 giant club
 q - a +2 rapier of venom
Missiles
 d - 2 throwing nets (quivered)
 f - 7 boomerangs
 l - 7 poisoned darts
Armour
 b - a +2 robe (worn)
 c - a +0 cloak (worn)
Jewellery
 k - an amulet of faith (around neck)
 r - a +4 ring of slaying (left claw)
Wands
 x - a wand of flame (10)
Scrolls
 h - 2 scrolls of fear
 i - 2 scrolls of immolation
 n - a scroll of brand weapon
 s - 3 scrolls of noise {unknown}
 t - a scroll of magic mapping {unknown}
 v - a scroll of identify
 w - a scroll of silence {unknown}
Potions
 e - a potion of berserk rage {unknown}
 g - a potion of attraction {unknown}
 m - a potion of flight {unknown}
 o - a potion of cancellation {unknown}
 p - a potion of magic
 u - a potion of resistance {unknown}
 z - a potion of haste


   Skills:
 + Level 8.5 Fighting
 + Level 9.3 Maces & Flails
 - Level 1.9 Dodging
 - Level 1.0 Spellcasting


You had 10 spell levels left.
You didn't know any spells.
Your spell library contained the following spells:

 Spells                   Type           Power      Damage    Failure   Level
 Sandblast                Erth           0%         2d4       36%         1
 Corpse Rot               Necr/Air       0%         N/A       50%         2
 Passwall                 Tmut/Erth      0%         N/A       50%         2
 Poisonous Vapours        Pois/Air       0%         N/A       50%         2
 Sublimation of Blood     Necr           0%         N/A       50%         2
 Wereblood                Tmut           0%         N/A       50%         2
 Stone Arrow              Conj/Erth      0%         3d7       73%         3
 Summon Hydra             Summ           0%         N/A       100%        7
 Chain Lightning          Conj/Air       0%         N/A       100%        9
 Fire Storm               Conj/Fire      0%         5d1       100%        9
 Shatter                  Erth           0%         3d5*      100%        9


Dungeon Overview and Level Annotations

Branches:
Dungeon (7/15)             Temple (1/1) D:5

Altars:
Ashenzari
Cheibriados
Dithmenos
Fedhas
Gozag
Kikubaaqudgha
Qazlal
Ru
Sif Muna
Trog
Uskayaw
Vehumet
Xom
Yredelemnul
The Shining One
Lugonu

Annotations:
D:7 Joseph


Innate Abilities, Weirdness & Mutations

You are too large for most types of armour.
You have claws for hands.
Your natural rate of healing is unusually fast.
You are covered in fur. (AC +1)
You have tough skin. (AC +1)
You have sharp toenails.
Your mind is acute. (Int +2)
Your body sometimes deteriorates upon taking damage.
You are frail. (-10% HP)
Your muscles are strong. (Str +2)


Message History

Joseph wields a +0 hunting sling.
Joseph shoots a sling bullet.
The sling bullet hits you!
You feel sick.
You are no longer poisoned.
The centaur zombie hits you but does no damage.
The centaur zombie kicks you but does no damage.
You hit the centaur zombie. You claw the centaur zombie.
The centaur zombie is moderately damaged.
The centaur zombie barely misses you. x2
You completely miss the centaur zombie.
The centaur zombie is moderately damaged.
The centaur zombie hits you.
The centaur zombie kicks you but does no damage.
You sock the centaur zombie! Your kick misses the centaur zombie.
The centaur zombie is severely damaged.
The centaur zombie hits you but does no damage.
The centaur zombie kicks you but does no damage.
You sock the centaur zombie!
You destroy the centaur zombie!
Xom grants you a minor favour.
You feel clever all of a sudden.
You are now a favourite toy of Xom.
Joseph zaps a wand.
Your mind is blasted!
Joseph unwields a +0 hunting sling.
Joseph wields a +0 quarterstaff of speed.
Joseph barely misses you.
You sock Joseph!
Joseph seems to speed up.
Xom thinks this is hilarious!
Joseph is lightly wounded.
Joseph zaps a wand.
Your mind is blasted!
Xom thinks this is hilarious!
Joseph hits you with a +0 quarterstaff of speed.
* * * LOW HITPOINT WARNING * * *
You hit Joseph. You claw Joseph!
Joseph is moderately wounded.
Joseph hits you with a +0 quarterstaff of speed!
* * * LOW HITPOINT WARNING * * *
Joseph zaps a wand.
Your mind is blasted!
You die...
Xom howls with laughter!

###### #.@..#
#@#.#######
#.#......<#
#.######### #.#
##########.#
........##.# ##
........##.# .. ∆
........##.###.##.#


You could see Joseph (fast).

Vanquished Creatures
  A shining eye (shapeshifter) (D:4)
  Prince Ribbit (D:6)
  Sigmund (D:4)
  Eustachio (D:4)
  The ghost of solomon12318 the Poker, an amateur MfGl (D:3)
  Duvessa (D:6)
  3 water moccasins
  An ice beast (D:6)
  A sky beast (D:6)
  A black bear (D:5)
  5 necrophages
  An ogre (D:5)
  A phantom (D:4)
  Dowan (D:6)
  3 wights (D:6)
  2 centaur zombies
  2 hounds (D:5)
  2 gnoll shamans
  3 orc priests
  A bullfrog skeleton (D:5)
  A scorpion zombie (D:5)
  An iguana (D:3)
  6 orc wizards
  A hound skeleton (D:5)
  11 gnolls
  4 adders
  2 worms
  A dart slug (D:3)
  18 orcs
  8 bats
  7 endoplasms
  A giant cockroach (D:2)
  5 goblins
  4 hobgoblins
  12 jackals
  3 quokkas
  6 ball pythons
  A frilled lizard (D:1)
  6 kobolds
  11 rats
142 creatures vanquished.

Vanquished Creatures (collateral kills)
  A wight (D:6)
  A hound (D:4)
  An orc wizard (D:4)
  A hound zombie (D:4)
  An orc (D:4)
  A rat (D:4)
6 creatures vanquished.

Vanquished Creatures (others)
  An orc wizard (D:6)
1 creature vanquished.

Grand Total: 149 creatures vanquished

Notes
Turn   | Place    | Note
-------+----------+-------------------------------------------
     0 | D:1      | Descartes the Troll Chaos Knight began the quest for the
                  | Orb.
     0 | D:1      | Reached XP level 1. HP: 22/22 MP: 0/0
    45 | D:1      | XOM: divination: detect creatures
    53 | D:1      | XOM: silly message
   222 | D:1      | Reached skill level 3 in Maces & Flails
   223 | D:1      | Reached XP level 2. HP: 29/29 MP: 1/1
   277 | D:1      | Found a faded altar of an unknown god.
   386 | D:1      | Reached XP level 3. HP: 37/37 MP: 2/2
   476 | D:1      | XOM: silly message
   499 | D:1      | XOM: give mutations
   499 | D:1      | Gained mutation: You are frail. (-10% HP) [Xom's mischief]
   499 | D:1      | Gained mutation: You are very frail. (-20% HP) [Xom's
                  | mischief]
   742 | D:2      | XOM: noise
   930 | D:2      | Reached XP level 4. HP: 36/36 MP: 3/3
  1143 | D:3      | XOM: swap monsters
  1250 | D:3      | Found a blossoming altar of Fedhas.
  1250 | D:3      | XOM: 7-stop teleportation journey
  1319 | D:3      | XOM: 1-stop teleportation journey
  1356 | D:3      | XOM: swap monsters
  1365 | D:3      | Reached skill level 1 in Spellcasting
  1431 | D:3      | XOM: 1-stop teleportation journey
  1479 | D:3      | Reached skill level 4 in Maces & Flails
  1479 | D:3      | Reached XP level 5. HP: 42/42 MP: 5/5
  1529 | D:3      | XOM: 2-stop teleportation journey
  1539 | D:3      | XOM: enchant monster (bad)
  1542 | D:3      | HP: 1/43 [gnoll/+0 club (6)]
  1559 | D:3      | Found a large runed translucent door.
  1559 | D:3      | Found a large runed translucent door.
  1560 | D:3      | Noticed solomon12318's ghost (amateur MfGl)
  1565 | D:3      | XOM: give mutation
  1565 | D:3      | Gained mutation: Your body sometimes deteriorates upon
                  | taking damage. [Xom's mischief]
  1569 | D:3      | XOM: enchant monster (bad)
  1569 | D:3      | XOM: smoke on damage
  1572 | D:3      | HP: 1/43 [gnoll/+0 spear (3)]
  1579 | D:3      | XOM: draining
  1594 | D:3      | XOM: confusion
  1599 | D:3      | XOM: swap monsters
  1602 | D:3      | HP: 1/36 [gnoll shaman/+0 club (9)]
  1610 | D:3      | HP: 1/38 [gnoll shaman/+0 club (7)]
  1612 | D:3      | XOM: 1-stop teleportation journey
  1781 | D:3      | XOM: silly message
  1833 | D:3      | Reached XP level 6. HP: 47/47 MP: 6/6
  2118 | D:3      | XOM: summons 2 hostile demons
  2119 | D:3      | XOM: confusion (+ monsters)
  2122 | D:3      | Killed solomon12318's ghost
  2123 | D:3      | Reached skill level 5 in Maces & Flails
  2197 | D:4      | XOM: summons 2 friendly demons
  2276 | D:4      | Reached XP level 7. HP: 34/56 MP: 7/7
  2279 | D:4      | XOM: polymorph orc -> rat
  2298 | D:4      | XOM: silly message
  2313 | D:4      | XOM: 1-stop teleportation journey
  2393 | D:4      | Reached skill level 5 in Fighting
  2569 | D:4      | Noticed Eustachio
  2572 | D:4      | XOM: destruction
  2574 | D:4      | XOM: confuse monster(s)
  2582 | D:4      | Killed Eustachio
  2619 | D:4      | Noticed Sigmund
  2621 | D:4      | XOM: summons 3 friendly demons
  2625 | D:4      | Killed Sigmund
  2626 | D:4      | Reached skill level 6 in Maces & Flails
  2707 | D:4      | Found a radiant altar of Vehumet.
  2716 | D:4      | XOM: give mutations
  2716 | D:4      | Lost mutation: You are very frail. (-20% HP) [Xom's grace]
  2716 | D:4      | Gained mutation: You have sharp toenails. [Xom's grace]
  2716 | D:4      | Gained mutation: Your muscles are strong. (Str +2) [Xom's
                  | grace]
  2716 | D:4      | Gained mutation: Your mind is acute. (Int +2) [Xom's grace]
  2824 | D:4      | XOM: god gift: 22 gold pieces
  2993 | D:5      | Entered Level 5 of the Dungeon
  2999 | D:5      | XOM: cleaving
  3004 | D:5      | XOM: summons friendly quasit
  3008 | D:5      | Reached XP level 8. HP: 74/74 MP: 8/8
  3041 | D:4      | XOM: enchant monster (good)
  3071 | D:5      | XOM: scenery: create altars
  3078 | D:5      | XOM: butterfly on damage
  3080 | D:5      | Xom revived you
  3081 | D:5      | XOM: fog
  3084 | D:5      | XOM: polymorph butterfly -> adder
  3118 | D:4      | Noticed a glowing shapeshifter
  3118 | D:4      | an ogre changed into a glowing shapeshifter
  3118 | D:4      | XOM: polymorph ogre -> glowing shapeshifter
  3118 | D:4      | a glowing shapeshifter changed into a swamp worm
  3123 | D:4      | XOM: scenery: 1 doors close
  3126 | D:4      | XOM: god gift: 23 gold pieces
  3128 | D:4      | Noticed a glowing shapeshifter
  3128 | D:4      | a swamp worm changed into a glowing shapeshifter
  3129 | D:4      | Noticed a steelbarb worm
  3129 | D:4      | a glowing shapeshifter changed into a steelbarb worm
  3130 | D:4      | XOM: summons friendly iron imp
  3130 | D:4      | Noticed a shining eye
  3130 | D:4      | a steelbarb worm changed into a shining eye
  3136 | D:4      | Killed a shining eye
  3137 | D:4      | Reached skill level 7 in Maces & Flails
  3175 | D:5      | XOM: summons 2 friendly demons
  3338 | D:5      | XOM: scenery: summon butterflies
  3369 | D:5      | Found a staircase to the Ecumenical Temple.
  3411 | Temple   | Entered the Ecumenical Temple
  3492 | D:5      | XOM: enchant monster (good)
  3495 | D:5      | XOM: potion effect (curing)
  3525 | D:5      | Reached skill level 8 in Maces & Flails
  3580 | D:5      | Found a broken altar of Ashenzari.
  3582 | D:5      | Found a basalt altar of Yredelemnul.
  3586 | D:5      | Found a glowing golden altar of the Shining One.
  3614 | D:5      | Found a bloodstained altar of Trog.
  3639 | D:5      | Found a shadowy altar of Dithmenos.
  3656 | D:5      | Reached XP level 9. HP: 83/83 MP: 9/9
  3767 | D:6      | XOM: cast spell 'Summon Ice Beast'
  3891 | D:6      | Noticed Prince Ribbit
  3895 | D:6      | XOM: scenery: create altars
  3900 | D:6      | Killed Prince Ribbit
  3919 | D:6      | XOM: scenery: create altars
  4062 | D:6      | XOM: 3-stop teleportation journey
  4122 | D:6      | XOM: smoke on damage
  4207 | D:6      | Reached skill level 9 in Maces & Flails
  4261 | D:6      | XOM: 1-stop teleportation journey
  4322 | D:6      | XOM: confusion
  4327 | D:6      | XOM: cast spell 'Dispersal'
  4554 | D:6      | Found a shimmering blue altar of Sif Muna.
  4692 | D:6      | Noticed Duvessa
  4693 | D:6      | Noticed Dowan
  4696 | D:6      | Killed Duvessa
  4712 | D:6      | Killed Dowan
  4822 | D:7      | Noticed Joseph
  4823 | D:7      | XOM: divination: detect items
  4841 | D:7      | XOM: potion effect (brilliance)
  4845 | D:7      | Blown up by Joseph

Illustrated notes

Levels and vault maps discovered:
D:1:      amcnicky_arrival_gap_in_the_tavern_cellar, layout_basic,
          hellmonk_ecumenical_altar_arch_garden, kennysheep_small_spiral,
          roderic_roman_lattice
D:2:      layout_rooms
D:3:      layout_loops_corners, mainiacjoe_overflow_cross_hatched,
          ebering_ghost_disaster_area
D:4:      layout_gridville, lemuel_coloured_pillars_altar, kennysheep_boxes,
          uniq_sigmund, uniq_eustachio
D:5:      layout_cave_pools, trog_book, grunt_temple_overflow_diamond,
          old_standard_altar, minmay_temple_entry_glassed_door, st_stairs_5,
          minmay_misc_feat_five
D:6:      layout_basic, tgw_sif, kennysheep_generic_room_16,
          uniq_prince_ribbit1, uniq_duvessa
D:7:      cheibrodos_statue_roulette, layout_basic, chequers_jeans, uniq_joseph
Temple:   corrupted_temple

Skill      XL: |  1  2  3  4  5  6  7  8  9 |
---------------+----------------------------+-----
Maces & Flails | 3 4 5 6 8 9 |  9.3
Fighting       | 3 4 5 7 8 |  8.5
Spellcasting   | 1 |  1.0
Dodging        | |  1.9

Action                   |  1- 3 |  4- 6 |  7- 9 || total
-------------------------+-------+-------+-------++-------
Melee: Mace              |    76 |   170 |   242 ||   488
       Punch             |       |     1 |     2 ||     3
       Kick              |       |       |    65 ||    65
  Use: Potion            |       |     4 |     1 ||     5
       Scroll            |       |       |     5 ||     5
 Stab: Petrifying        |     1 |       |       ||     1
       Confused          |       |     2 |     1 ||     3
Armor: Robe              |    73 |    66 |   137 ||   276
Dodge: Dodged            |    73 |   135 |   133 ||   341
